 Dungeon Crawl Stone Soup version 0.26-a0-54-g15ccc7ae60 (webtiles) character file.

Game seed: 7859980702487357908

63 Ozzies the Skirmisher (level 4, -1/30 HPs)
             Began as a Gargoyle Fighter on June 8, 2020.
             Slain by a worm (3 damage)
             ... on level 2 of the Dungeon.
             The game lasted 00:03:12 (1032 turns).

Ozzies the Skirmisher (Gargoyle Fighter)            Turns: 1032, Time: 00:03:13

Health: -1/30      AC: 11    Str: 21    XL:     4   Next: 10%
Magic:  4/4        EV:  7    Int:  8    God:
Gold:   59         SH:  9    Dex:  9    Spells: 3/3 levels left

rFire    . . .     SeeInvis .   a - +0 flail
rCold    . . .     Gourm    .   c - +0 kite shield
rNeg     + . .     Faith    .   b - +0 scale mail
rPois    ∞         Spirit   .   (no helmet)
rElec    +         Reflect  .   (no cloak)
rCorr    .         Harm     .   h - +0 pair of gloves
MR       .....                  (no boots)
Stlth    ..........             (no amulet)
HPRegen  0.10/turn              (no ring)
MPRegen  0.09/turn              (no ring)

@: no status effects
A: negative energy resistance 1, electricity resistance, unbreathing,
petrification resistance, rot immunity, AC +3
a: no special abilities


You were on level 2 of the Dungeon.
You were hungry.

You visited 1 branch of the dungeon, and saw 2 of its levels.

You collected 59 gold pieces.

Inventory:

Hand Weapons
 a - a +0 flail (weapon)
Armour
 b - a +0 scale mail (worn)
 c - a +0 kite shield (worn)
 h - a +0 pair of gloves (worn)
Scrolls
 e - a scroll of enchant armour {unknown}
 g - 2 scrolls of identify {unknown}
 i - a scroll of remove curse {unknown}
Potions
 d - a potion of might
Comestibles
 f - 2 rations


   Skills:
 * Level 4.8 Fighting
 + Level 2.9 Maces & Flails
 - Level 3.2 Armour
 - Level 3.2 Shields


You had 3 spell levels left.
You didn't know any spells.
Your spell library was empty.

Dungeon Overview and Level Annotations

Branches:
Dungeon (2/15)

Altars:


Innate Abilities, Weirdness & Mutations

You are resistant to torment.
Your stone body is resilient. (AC +3)
You are immune to poison.
You resist negative energy. (rN+)
You are resistant to electric shocks. (rElec)
You can survive without breathing.
You are immune to petrification.
You are immune to rotting.


Message History

You feel stronger.
You hit the worm.
The worm is lightly wounded.
You hit the worm.
The worm is heavily wounded.
The worm bites you but does no damage.
You thump the worm!
The worm is almost dead.
The worm bites you.
* * * LOW HITPOINT WARNING * * *
You barely miss the worm.
The worm is almost dead.
The worm bites you!
* * * LOW HITPOINT WARNING * * *
You barely miss the worm.
The worm is almost dead.
You hit the worm but do no damage.
The worm is almost dead.
The worm bites you.
You die...

#......).....######
# #......†...###
.## #.....##...#
..% ##.##<...(##
#.# #.#####.##
..##.#####.##
#)#........#
#.#####...# ##@# #
#w# ##b# #.w#
#...)......
.............
#...##.........
#... ...##.#... #.#
##### .# ..


You could see 2 worms and a bat.

Vanquished Creatures
  3 gnolls (D:2)
  2 dart slugs (D:1)
  2 ball pythons (D:1)
  4 goblins
  3 hobgoblins (D:1)
  4 jackals (D:1)
  3 bats (D:1)
  6 kobolds
  4 rats
31 creatures vanquished.

Notes
Turn   | Place    | Note
-------+----------+-------------------------------------------
     0 | D:1      | Ozzies the Gargoyle Fighter began the quest for the Orb.
     0 | D:1      | Reached XP level 1. HP: 14/14 MP: 1/1
   157 | D:1      | Reached XP level 2. HP: 20/20 MP: 2/2
   349 | D:1      | Reached skill level 4 in Fighting
   456 | D:1      | Reached XP level 3. HP: 13/24 MP: 3/3
  1025 | D:2      | Reached XP level 4. HP: 9/30 MP: 4/4
  1032 | D:2      | Slain by a worm

Illustrated notes

Levels and vault maps discovered:
D:1:      ncdulo_lavacross, layout_loops_cross, hangedman_decor_points,
          chequers_serial_rivers_small_b
D:2:      layout_loops_cross, lemuel_crystal_altar, first_ration

Skill      XL: |  1  2 |
---------------+-------+-----
Fighting       | 4 |  4.8
Maces & Flails | |  2.9
Armour         | |  3.2
Shields        | |  3.2

Action                   |  1- 3 |  4- 6 || total
-------------------------+-------+-------++-------
Melee: Flail             |   120 |     6 ||   126
Armor: Scale mail        |    89 |     1 ||    90
Dodge: Dodged            |    50 |       ||    50
Block: Kite shield       |    83 |       ||    83

Table legend:
 A = Non-vault XP
 B = Vault XP
 C = Vault XP percentage of total XP
 D = Non-vault monster count
 E = Vault monster count
 F = Vault count percentage of total count
                 A         B        C        D         E       F
            +---------+---------+-------+---------+---------+-------
      Total |      91 |       0 |   0.0 |      31 |       0 |   0.0
            +---------+---------+-------+---------+---------+-------
        D:1 |      44 |       0 |   0.0 |      25 |       0 |   0.0
        D:2 |      47 |       0 |   0.0 |       6 |       0 |   0.0
            +---------+---------+-------+---------+---------+-------
